Unix NetHack Version 5.0.0-0 post-release - last build Jun 10 2026 00:39:30 (3ee93aec679c4c4259841fe613dc97188e26a321,branch:main).

Game began 2026-06-11 11:54:06, ended 2026-06-11 12:17:21.

LDaviesPeters, neutral female human Archeologist

        ---------
        |.......|    -------
        |.......-####|...<..#######
       #........|   #|.....|      # ----------
       #|.......|   #|..)..|      # |.....h(.|
       #--.------   #----.--########-.....@f.|      --- ------------
       #  # #################       |........-######...............|
       #             #   #         #.........|      |..............|
       #            ###        #####----------       .............>|
       #     ------.-.-------  #                     ---------------
       #     |..............|  #########`
 ------#     |..............|  #
 |?%(.|#     |......).......|###
 |[%!.|#     |.......).......#
 |!*!.|#     ----------------
 |.[%.-#
 ------

LDaviesPeters the Field Worker  St:17 Dx:10 Co:18 In:14 Wi:13 Ch:10  Neutral
Dlvl:5  $:0  HP:0(44) Pw:24(24) AC:7  Xp:4 T:2266 

Latest messages:
 This door is locked.
 You resume your attempt at picking the lock.
 The kitten misses the giant ant.
 The kitten misses the giant ant.
 You succeed in picking the lock.
 The giant ant bites!
 The fog cloud flows under the door.
 The kitten misses the giant ant.
 You lash the giant ant!
 The giant ant bites!
 The kitten misses the giant ant.
 The kitten bites the giant ant.
 The giant ant is killed!
 The kitten misses the fog cloud.
 You miss the fog cloud.
 The kitten misses the fog cloud.
 You miss the fog cloud.
 The kitten misses the fog cloud.
 The kitten misses the fog cloud.
 You lash the fog cloud.
 The kitten bites the fog cloud.
 You lash the fog cloud.
 The kitten misses the fog cloud.
 The kitten misses the fog cloud.
 You miss the fog cloud.
 The kitten misses the fog cloud.
 The kitten misses the fog cloud.
 You lash the fog cloud.
 The kitten bites the fog cloud.
 The fog cloud is destroyed!
 Step into that vapor cloud? [yn] (n) n
 You hear someone cursing shoplifters.
 You see a gas cloud dissipate.
 You swap places with your kitten.
 The door opens.
 You swap places with your kitten.
 The dwarf swings her broad pick.
 The dwarf hits!
 You miss the dwarf.
 The dwarf swings her broad pick.
 The dwarf hits!
 You miss the dwarf.
 The dwarf swings her broad pick.
 The dwarf hits!
 The kitten misses the dwarf.
 You lash the dwarf!
 The dwarf swings her broad pick.
 The dwarf hits!
 You die...
 Do you want your possessions identified? [ynq] (y) q

Inventory:
 Weapons  (')')
  P - a +0 orcish dagger
  a - a blessed +2 bullwhip (weapon in right hand)
 Armor    ('[')
  c - an uncursed +0 fedora (being worn)
  t - an uncursed +0 large shield (being worn)
  h - an uncursed +0 leather jacket (being worn)
 Comestibles  ('%')
  d - 4 uncursed food rations
  x - an uncursed fortune cookie
  s - a cursed tripe ration
 Scrolls  ('?')
  J - an uncursed scroll of teleportation
 Wands    ('/')
  y - a wand of sleep (0:5)
 Tools    ('(')
  b - an uncursed sack containing 16 items
  B - an uncursed blindfold
  k - an uncursed lock pick
  l - an uncursed oil lamp
  f - a tinning kit (0:30)
 Gems/Stones  ('*')
  g - an uncursed touchstone

Contents of the sack:
  49 gold pieces
  an uncursed scroll of amnesia
  an uncursed scroll of confuse monster
  an uncursed scroll of destroy armor
  a cursed scroll of destroy armor
  an uncursed scroll of food detection
  an uncursed spellbook of cancellation
  an uncursed spellbook of slow monster
  an uncursed potion of restore ability
  2 uncursed potions of invisibility
  a blessed potion of gain energy
  an uncursed potion of speed
  an uncursed potion of gain ability
  an uncursed potion of healing
  an uncursed potion of oil
  a +0 pick-axe

LDaviesPeters the Archeologist's attributes:

Background:
 You were a Field Worker, a level 4 female human Archeologist.
 You were neutral, nominally on a mission for Camaxtli
 who was opposed by Quetzalcoatl (lawful) and Huhetotl (chaotic).
 You were right-handed.
 You were in the Dungeons of Doom, on level 5.
 You entered the dungeon 2266 turns ago.
 You had 90 experience points, 70 more were needed to attain level 5.

Basics:
 You had 0 out of 44 hit points.
 You had all 24 energy points (spell power).
 Your armor class was 7.
 Your wallet was empty, but
 you had 49 zorkmids stashed away in your pack.
 Autopickup was off.

Final Characteristics:
 Your strength was 17 (limit:18/100).
 Your dexterity was 10 (limit:18).
 Your constitution was 18 (limit:18).
 Your intelligence was 14 (limit:18).
 Your wisdom was 13 (limit:18).
 Your charisma was 10 (limit:18).

Final Status:
 You weren't hungry.
 You were unencumbered.
 You were wielding a whip.
 You had basic skill with whip.

Final Attributes:
 You were piously aligned.
 You were telepathic.
 You had automatic searching.
 You were lucky.
 You are dead.

Miscellaneous:
 You didn't encounter any bones levels.
 Total elapsed playing time was 23 minutes and 14 seconds.

Major events:
 Turn
    1: LDaviesPeters the neutral female human Archeologist entered the dungeon
  598: entered the Gnomish Mines
 1153: attained the rank of Field Worker (level 3)
 2266: killed by a dwarf

Spells:
 Name                 Level Category     Fail Retention
 slow monster           2   enchantment  100%  76%-100%

Skills:
 Fighting Skills
   bare handed combat [Unskilled]
   two weapon combat  [Unskilled]
   riding             [Unskilled]
 Weapon Skills
   dagger             [Unskilled]
   knife              [Unskilled]
   pick-axe           [Basic]
   short sword        [Unskilled]
   saber              [Unskilled]
   club               [Unskilled]
   quarterstaff       [Unskilled]
   sling              [Unskilled]
   dart               [Unskilled]
   boomerang          [Unskilled]
   whip               [Basic]
   unicorn horn       [Unskilled]
 Spellcasting Skills
   attack spells      [Unskilled]
   healing spells     [Unskilled]
   divination spells  [Unskilled]
   matter spells      [Unskilled]

Voluntary challenges:
 Character rerolling was not enabled.
 You were an atheist.
 You never genocided any monsters.
 You never polymorphed an object.
 You never changed form.
 You used no wishes.
Achievements:
 You entered the Gnomish Mines.
 You attained the rank of Field Worker.
 You entered a shop.

 The Dungeons of Doom: levels 1 to 5
    Level 1:
       A fountain.
    Level 2:
       A sink.
       Stairs down to The Gnomish Mines.
    Level 3:
       A grave.
    Level 4:
       A general store.
    Level 5: <- You were here.
       A general store.
       Final resting place for
          you, killed by a dwarf.
 The Gnomish Mines:
    Level 3:


Vanquished creatures:
  a fog cloud
  a gnome leader
  2 giant ants
  a floating eye
  a homunculus
  a giant bat
 an iguana
  2 coyotes
  3 manes
  a hobgoblin
  3 yellow molds
  6 jackals
  2 kobolds
  a sewer rat
  5 grid bugs
  6 lichens
  3 kobold zombies
  3 newts
43 creatures vanquished.

No species were genocided or became extinct.

Game over:
                       ----------
                      /          \
                     /    REST    \
                    /      IN      \
                   /     PEACE      \
                  /                  \
                  |  LDaviesPeters   |
                  |      49 Au       |
                  |   killed by a    |
                  |      dwarf       |
                  |                  |
                  |                  |
                  |       2026       |
                 *|     *  *  *      | *
        _________)/\\_//(\/(/\)/\//\/|_)_______

Goodbye LDaviesPeters the Archeologist...

You died in The Dungeons of Doom on dungeon level 5 with 615 points,
and 49 pieces of gold, after 2266 moves.
You were level 4 with a maximum of 44 hit points when you died.

